 Dungeon Crawl Stone Soup version 0.23.0 (webtiles) character file.

Game seed: 9930343581649027163

156 LostNumber the Cudgeler (level 5, -2/32 HPs)
             Began as a Gargoyle Gladiator on Feb 11, 2019.
             Slain by Natasha (7 damage)
             ... on level 2 of the Dungeon.
             The game lasted 00:02:55 (2610 turns).

LostNumber the Cudgeler (Gargoyle Gladiator)        Turns: 2610, Time: 00:02:55

Health: -2/32      AC:  8    Str: 19    XL:     5   Next: 37%
Magic:  5/5        EV: 12    Int:  8    God:
Gold:   121        SH:  0    Dex: 11    Spells: 4/4 levels left

rFire    . . .     SeeInvis .   a - +0 flail
rCold    . . .     Gourm    .   (no shield)
rNeg     + . .     Faith    .   b - +0 leather armour
rPois    ∞         Spirit   .   c - +0 helmet
rElec    +         Reflect  .   (no cloak)
rCorr    .         Harm     .   (no gloves)
MR       .....                  (no boots)
Stlth    ++........             (no amulet)
HPRegen  0.10/turn              n - ring of stealth
MPRegen  0.09/turn              (no ring)

@: slowed, very slow
A: negative energy resistance 1, electricity resistance, unbreathing,
petrification resistance, rot immunity, AC +4
a: no special abilities


You were on level 2 of the Dungeon.
You were not hungry.

You visited 1 branch of the dungeon, and saw 2 of its levels.

You collected 121 gold pieces.

Inventory:

Hand Weapons
 a - a +0 flail (weapon)
Missiles
 d - 3 throwing nets (quivered) {!f}
Armour
 b - a +0 leather armour (worn)
 c - a +0 helmet (worn)
 l - a +0 cloak
   (You found it on level 1 of the Dungeon)
 p - a +0 shield
   (You found it on level 2 of the Dungeon)
Jewellery
 n - a ring of stealth (left hand)
   (You found it on level 1 of the Dungeon)
Scrolls
 g - a scroll of blinking {unknown}
 h - 2 scrolls of remove curse {unknown}
 i - a scroll of fear {unknown}
 m - 2 scrolls of identify {unknown}
 o - 2 scrolls of teleportation {unknown}
Potions
 f - a potion of haste {unknown}
 j - 2 potions of might {unknown}
 k - a potion of heal wounds {unknown}
 q - 4 potions of mutation {unknown}
 r - a potion of berserk rage {unknown}
Comestibles
 e - 3 rations {!d}
 s - a chunk of flesh


   Skills:
 + Level 3.3 Fighting
 * Level 4.5 Maces & Flails
 - Level 1.7 Throwing
 - Level 1.3 Armour
 - Level 2.7 Dodging
 + Level 1.5 Shields


You had 4 spell levels left.
You didn't know any spells.
Your spell library was empty.

Dungeon Overview and Level Annotations

Branches:
Dungeon (2/15)

Altars:

Annotations:
D:2 Natasha


Innate Abilities, Weirdness & Mutations

You are resistant to torment.
Your stone body is resilient. (AC +4)
You are immune to poison.
You resist negative energy. (rN+)
You are resistant to electric shocks. (rElec)
You can survive without breathing.
You are immune to petrification.
You are immune to rotting.


Message History

You kill the frilled lizard!
You sock the goblin!
You kill the goblin!
No target in view!
No target in view!
No target in view!
An adder comes into view.
An adder is nearby!
An adder is nearby!
An adder is nearby!
The helpless adder fails to defend itself.
You hit the adder. The adder misses you. The adder bites you.
You sock the adder! The adder bites you but does no damage.
You miss the adder. The adder closely misses you.
The adder bites you but does no damage.
You closely miss the adder. The adder misses you.
You hit the adder.
You kill the adder!
No target in view!
No target in view!
Eating one of 2 chunks of flesh.
You eat one of the 2 chunks of flesh.
You see here a +0 dagger.
Found 14 gold pieces.
You now have 121 gold pieces (gained 14).
Found a falchion.
You see here a falchion.
You see here a runed hand axe.
You see here a bat skeleton.
Natasha, Servant of Life and Death comes into view.
You see here a hunting sling.
You catch the helpless Natasha completely off-guard!
You sock Natasha! Natasha barely misses you.
You closely miss Natasha. Natasha claws you!
You closely miss Natasha. Natasha claws you.
You closely miss Natasha.
Natasha casts a spell.
Natasha casts a spell at you.
You feel yourself slow down.
Unknown command.
You completely miss Natasha. Natasha barely misses you.
You closely miss Natasha. Natasha claws you! The white imp hits you.
* * * LOW HITPOINT WARNING * * *
The white imp freezes you.
* * * LOW HITPOINT WARNING * * *
Natasha claws you!
* * * LOW HITPOINT WARNING * * *
The white imp hits you but does no damage.
You miss Natasha.
Natasha mumbles some strange words.
The white imp misses you. Natasha claws you!
You die...

.........#.....#.#.# #
...(...........#.#.# #
####.......#.###.#.# #
#..............#.## #
##.......##.....#.##
##### #
##.....##...).###.###...#
#
#....##...<.<.###......#
#...#.....5..###.###...#
#..##.#....5@.#.## ##.##
#..##.#.##^h##..# #.#
#..##.#.##..##..# #.####
#...........##..# #....#
##.###..#..###..# ####.#
#.# #..#.## #..###### #>#
#.# #..#.# #.......# #.#
#.# #..#.## ##.####.# #>#
#.# #.....####.# #.# #.#


You could see Natasha, a crimson imp and a white imp.

Vanquished Creatures
  Natasha (D:2)
  4 gnolls
  3 adders (D:2)
  2 worms (D:2)
  2 dart slugs
  4 leopard geckos
  6 bats
  A giant cockroach (D:2)
  5 goblins
  8 hobgoblins
  3 jackals (D:1)
  5 kobolds
  4 frilled lizards
  6 rats
54 creatures vanquished.

Notes
Turn   | Place    | Note
-------+----------+-------------------------------------------
     0 | D:1      | LostNumber the Gargoyle Gladiator began the quest for the
                  | Orb.
     0 | D:1      | Reached XP level 1. HP: 12/12 MP: 1/1
   431 | D:1      | Reached XP level 2. HP: 18/18 MP: 2/2
   597 | D:1      | Reached skill level 1 in Armour
   700 | D:1      | Reached XP level 3. HP: 22/22 MP: 3/3
  1623 | D:2      | Reached XP level 4. HP: 11/27 MP: 4/4
  1902 | D:1      | Reached skill level 4 in Maces & Flails
  2073 | D:1      | Reached skill level 1 in Shields
  2175 | D:2      | Noticed Natasha
  2184 | D:2      | Killed Natasha
  2184 | D:2      | Reached XP level 5. HP: 23/32 MP: 5/5
  2602 | D:2      | Noticed Natasha
  2610 | D:2      | Slain by Natasha

Skill      XL: |  1  2  3  4 |
---------------+-------------+-----
Armour         | 1 |  1.3
Maces & Flails | 4 |  4.5
Fighting       | 3 |  3.3
Shields        | 1 |  1.5
Throwing       | |  1.7
Dodging        | |  2.7

Action                   |  1- 3 |  4- 6 || total
-------------------------+-------+-------++-------
Melee: Flail             |   168 |    63 ||   231
 Stab: Sleeping          |       |     4 ||     4
       Distracted        |       |     1 ||     1
  Eat: Chunk             |     2 |     4 ||     6
Armor: Leather armour    |    77 |    12 ||    89
Dodge: Dodged            |   125 |    35 ||   160
